 Dungeon Crawl Stone Soup version 0.18.1-50-g88ac8fd (webtiles) character file.

5546 theElss the Destroyer (level 10, -5/56 HPs)
             Began as a High Elf Conjurer on Sept 18, 2016.
             Was a Priest of Vehumet.
             Slain by a centaur warrior (9 damage)
             ... on level 9 of the Dungeon.
             The game lasted 00:59:08 (13659 turns).

theElss the Destroyer (High Elf Conjurer)          Turns: 13659, Time: 00:59:09

Health: -5/56      AC:  7    Str:  9    XL:     10   Next: 43%
Magic:  15/24      EV: 12    Int: 24    God:    Vehumet [***...]
Gold:   569        SH:  5    Dex: 18    Spells: 6 memorised, 11 levels left

rFire  . . .     SeeInvis .     W - +3 flail "Ulacaxix" {crush, +Rage Str+2 Int+3} (curse)
rCold  + . .     Gourm    .     L - +0 troll leather armour
rNeg   . . .     Faith    .     d - +0 buckler
rPois  .         Spirit   .     x - +0 helmet
rElec  .         Dismiss  .     s - +0 cloak
rCorr  .         Reflect  .     (no gloves)
SustAt .         Harm     .     z - +0 pair of boots
MR     +....                    (no amulet)
Stlth  +.........               i - ring of protection from cold
                                F - ring of loudness (curse)

@: somewhat resistant to hostile enchantments, very unstealthy
A: no striking features
a: Renounce Religion, Evoke Berserk Rage


You were on level 9 of the Dungeon.
You worshipped Vehumet.
Vehumet was most pleased with you.
You were not hungry.

You visited 1 branch of the dungeon, and saw 9 of its levels.

You collected 569 gold pieces.

Inventory:

Hand Weapons
 g - a +0 club
 l - a +1 dagger
 C - a +1 short sword of freezing
 W - the cursed +3 flail "Ulacaxix" (weapon) {crush, +Rage Str+2 Int+3}
   (You found it on level 8 of the Dungeon)

   It inflicts extra damage upon your enemies.
   It affects your strength (+2).
   It affects your intelligence (+3).
   It lets you go berserk.
   It has a curse placed upon it.
Armour
 a - a +0 robe
 d - a +0 buckler (worn)
 r - a +0 leather armour
 s - a +0 cloak (worn)
 x - a +0 helmet (worn)
 z - a +0 pair of boots (worn)
 L - a +0 troll leather armour (worn)
Jewellery
 e - an uncursed amulet of harm
 i - a ring of protection from cold (right hand)
 v - an uncursed amulet of guardian spirit
 F - a cursed ring of loudness (left hand)
Wands
 f - a wand of flame (48/48)
 B - a wand of random effects (21/48)
 I - a wand of random effects (18/48)
 U - a wand of lightning (7/15)
Scrolls
 h - 3 scrolls of enchant armour
 n - a scroll of teleportation {unknown}
 o - 3 scrolls of amnesia
 u - 3 scrolls of remove curse
 y - a scroll of blinking
 D - 2 scrolls of recharging
 H - a scroll of noise {unknown}
 N - 2 scrolls of magic mapping {unknown}
 P - a scroll of brand weapon {unknown}
Potions
 k - a potion of cure mutation {unknown}
 p - a potion of haste {unknown}
 t - 2 potions of flight
 w - 2 potions of curing
 G - 2 potions of agility
 J - a potion of might {unknown}
 M - 3 potions of brilliance
 O - a potion of berserk rage {unknown}
 Q - a potion of invisibility {unknown}
 R - 2 potions of mutation {unknown}
 S - a potion of ambrosia {unknown}
 X - a potion of beneficial mutation {unknown}
Books
 b - a book of Conjurations

   Spells                             Type                      Level
   a - Magic Dart                     Conjuration                  1
   b - Searing Ray                    Conjuration                  2
   c - Dazzling Spray                 Conjuration/Hexes            3
   d - Fulminant Prism                Conjuration/Hexes            4
   e - Iskenderun's Mystic Blast      Conjuration                  4
   f - Iskenderun's Battlesphere      Conjuration/Charms           5
 A - a Young Poisoner's Handbook

   Spells                             Type                      Level
   a - Sting                          Conjuration/Poison           1
   b - Cure Poison                    Poison                       2
   c - Mephitic Cloud                 Conjuration/Poison/Air       3
   d - Olgreb's Toxic Radiance        Poison                       4
   e - Venom Bolt                     Conjuration/Poison           5
 E - a book of Burglary

   Spells                             Type                      Level
   a - Swiftness                      Charms/Air                   2
   b - Passwall                       Transmutation/Earth          2
   c - Passage of Golubria            Translocation                4
   d - Lee's Rapid Deconstruction     Earth                        5
   e - Darkness                       Hexes                        6
   f - Invisibility                   Hexes                        6
 K - a book of Ice

   Spells                             Type                      Level
   a - Ice Form                       Ice/Transmutation            4
   b - Metabolic Englaciation         Hexes/Ice                    5
   c - Ozocubu's Refrigeration        Ice                          6
   d - Bolt of Cold                   Conjuration/Ice              6
   e - Freezing Cloud                 Conjuration/Ice/Air          6
   f - Simulacrum                     Ice/Necromancy               6
 T - a book of Beasts

   Spells                             Type                      Level
   a - Summon Butterflies             Summoning                    1
   b - Call Canine Familiar           Summoning                    3
   c - Summon Ice Beast               Ice/Summoning                4
   d - Summon Mana Viper              Hexes/Summoning              5
   e - Summon Hydra                   Summoning                    7
 V - a book of Cantrips

   Spells                             Type                      Level
   a - Corona                         Hexes                        1
   b - Animate Skeleton               Necromancy                   1
   c - Summon Small Mammal            Summoning                    1
   d - Apportation                    Translocation                1
Comestibles
 c - 4 bread rations
 j - 2 slices of pizza
 m - 4 meat rations
 q - a royal jelly


   Skills:
 - Level 2.1 Dodging
 - Level 2.1 Stealth
 - Level 4.0 Shields
 - Level 9.3 Spellcasting
 - Level 10.0 Conjurations
 + Level 9.4 Fire Magic


You had 11 spell levels left.
You knew the following spells:

 Your Spells              Type           Power        Failure   Level  Hunger
a - Magic Dart            Conj           ####         1%          1    None
b - Iskenderun's Battles  Conj/Chrm      #####...     10%         5    ####...
c - Searing Ray           Conj           ######       1%          2    None
d - Iskenderun's Mystic   Conj           ######..     1%          4    ##.....
e - Mephitic Cloud        Conj/Pois/Air  ####....     2%          3    None
f - Flame Tongue          Conj/Fire      #####        1%          1    None


Dungeon Overview and Level Annotations

Branches:
Dungeon (9/15)             Temple (0/1) D:4             Orc (0/2) D:9
   Lair: D:8-11

Altars:
Ashenzari
Elyvilon
Gozag
Makhleb
Nemelex Xobeh
Pakellas
Qazlal
Ru
Trog
Vehumet
Yredelemnul
Zin
The Shining One

Annotations:
D:4 Kronon's ghost, amateur DsWn
D:7 Joseph


Message History

You hear a roar!
Casting: Iskenderun's Mystic Blast
Confirm with . or Enter, or press ? or * to list all spells.
You conjure a globe of magical energy.
The centaur warrior hits you!! The centaur warrior hits you!
* * * LOW HITPOINT WARNING * * *
Casting: Iskenderun's Battlesphere
Confirm with . or Enter, or press ? or * to list all spells.
Aiming: Iskenderun's Mystic Blast
Press: ? - help, Shift-Dir - straight line, f - centaur warrior
Aim: a centaur warrior, wearing an amulet of rage (berserk, fast, unusually strong)
The orb of energy hits the centaur warrior.
The centaur warrior is lightly wounded.
Your battlesphere fires!
The barrage of energy hits the centaur warrior.
The centaur warrior is moderately wounded.
The centaur warrior hits you!
* * * LOW HITPOINT WARNING * * *
The centaur warrior hits you!
You die...

... ... ###.. ... .... #..
... ..... #.# #..# #.".#
#.#######..# #####.⌠.###
#.#..#..#..#.)#..#Y).#..
#....#..c.....#........
#...###@.....###....Y..#
#....).*.###...D..###...
##........#........#....
#.###....#..#..#..#..#..#.
#.[......#######..#######.
#####....#..#..#..#..#..#.
#.#.....#........#....
#.##...###......###...
#.##.......###.......#


You could see a centaur warrior (berserk) and a friendly battlesphere.

Vanquished Creatures
  Pikel (D:6)
  A queen bee (D:8)
  A troll (D:9)
  A yak (D:9)
  2 vampire mosquitoes (D:8)
  A steam dragon (D:8)
  Menkaure (D:7)
  Duvessa (D:7)
  4 ice beasts
  3 orc warriors
  4 slaves (D:6)
  A sky beast (D:9)
  4 ogres
  2 centaurs
  A crocodile (D:8)
  A big kobold (D:7)
  Blork the orc (D:4)
  6 giant frogs
  A wyvern skeleton (D:9)
  Dowan (D:7)
  A scorpion (D:6)
  12 killer bees
  2 howler monkeys
  3 giant frog zombies
  3 crimson imps
  3 jellies
  6 hounds
  A giant frog skeleton (D:9)
  5 orc wizards
  3 iguanas
  8 worker ants
  A hound zombie (D:5)
  3 worker ant zombies
  A howler monkey skeleton (D:8)
  13 gnolls
  12 adders
  A shadow imp (D:6)
  An ooze (D:1)
  5 worms
  A dart slug (D:1)
  8 giant geckos
  18 orcs
  4 giant cockroaches
  7 goblins
  12 hobgoblins
  6 jackals
  11 kobolds
  3 quokkas
  A ball python skeleton (D:5)
  5 bats
  8 giant newts
  5 rats
  A plant (D:8)
212 creatures vanquished.

Vanquished Creatures (others)
  8 plants (D:8)
8 creatures vanquished.

Grand Total: 220 creatures vanquished

Notes
Turn   | Place    | Note
--------------------------------------------------------------
     0 | D:1      | theElss the High Elf Conjurer began the quest for the Orb.
     0 | D:1      | Reached XP level 1. HP: 11/11 MP: 4/4
    57 | D:1      | Reached skill level 1 in Shields
   234 | D:1      | Reached XP level 2. HP: 17/17 MP: 3/6
   480 | D:1      | Learned a level 2 spell: Searing Ray
   964 | D:1      | Reached XP level 3. HP: 21/21 MP: 5/7
  1213 | D:2      | Found a sparkling altar of Nemelex Xobeh.
  1272 | D:2      | Found a faded altar to an unknown god.
  1399 | D:2      | Found a radiant altar of Vehumet.
  1423 | D:2      | Became a worshipper of Vehumet
  1705 | D:2      | Found an oddly glowing altar of Pakellas.
  1827 | D:2      | Reached XP level 4. HP: 27/27 MP: 5/8
  2355 | D:2      | Found a shattered altar of Ashenzari.
  3200 | D:3      | Found a white marble altar of Elyvilon.
  3295 | D:3      | Reached XP level 5. HP: 22/31 MP: 0/9
  3305 | D:3      | Learned a level 4 spell: Iskenderun's Mystic Blast
  3917 | D:3      | You fall through a shaft for 2 floors!
  3917 | D:5      | Entered Level 5 of the Dungeon
  4036 | D:5      | Reached skill level 5 in Conjurations
  4179 | D:4      | Found a stormy altar of Qazlal.
  4181 | D:4      | Noticed a fire elemental
  4182 | D:4      | Noticed an air elemental
  4182 | D:4      | Noticed a water elemental
  4260 | D:4      | Found a staircase to the Ecumenical Temple.
  4292 | D:4      | Noticed a centaur
  4324 | D:4      | Noticed Blork the orc
  4363 | D:4      | Reached * piety under Vehumet
  4363 | D:4      | Offered knowledge of Shock by Vehumet.
  4654 | D:3      | Learned a level 3 spell: Mephitic Cloud
  5222 | D:4      | Reached XP level 6. HP: 36/36 MP: 5/12
  5532 | D:4      | Reached skill level 6 in Conjurations
  5678 | D:4      | Noticed Kronon's ghost (amateur DsWn)
  6193 | D:5      | Reached XP level 7. HP: 41/41 MP: 6/14
  6534 | D:4      | Killed Blork the orc
  6534 | D:4      | Reached skill level 7 in Conjurations
  6543 | D:4      | Reached skill level 5 in Spellcasting
  6983 | D:5      | Found a sacrificial altar of Ru.
  7166 | D:5      | Found a glowing silver altar of Zin.
  7452 | D:6      | Reached skill level 8 in Conjurations
  7452 | D:6      | Reached XP level 8. HP: 38/46 MP: 12/18
  7866 | D:6      | Found a bloodstained altar of Trog.
  7869 | D:6      | Noticed Pikel
  8339 | D:6      | Found a burning altar of Makhleb.
  8341 | D:6      | Found an opulent altar of Gozag.
  8408 | D:6      | Killed Pikel
  8408 | D:6      | Reached skill level 9 in Conjurations
  9026 | D:7      | Reached XP level 9. HP: 51/51 MP: 16/22
  9033 | D:7      | Learned a level 5 spell: Iskenderun's Battlesphere
  9226 | D:7      | Noticed Dowan
  9237 | D:7      | Killed Dowan
  9406 | D:7      | Found a basalt altar of Yredelemnul.
  9573 | D:7      | Noticed Menkaure
  9589 | D:7      | Killed Menkaure
  9589 | D:7      | Offered knowledge of Flame Tongue by Vehumet.
  9589 | D:7      | Reached skill level 10 in Conjurations
  9632 | D:7      | Learned a level 1 spell: Flame Tongue
  9645 | D:7      | Reached ** piety under Vehumet
  9653 | D:7      | Reached skill level 1 in Fire Magic
  9793 | D:7      | Noticed Duvessa
  9799 | D:7      | Killed Duvessa
  9964 | D:7      | Noticed Joseph
 10192 | D:8      | HP: 2/51 [killer bee (6)]
 10799 | D:8      | Noticed a queen bee
 10806 | D:8      | Killed a queen bee
 10806 | D:8      | Reached skill level 5 in Fire Magic
 10991 | D:8      | Found a glowing golden altar of the Shining One.
 11059 | D:8      | Got a translucent flail
 11060 | D:8      | Identified the cursed +3 flail "Ulacaxix" {crush, +Rage Str+2 Int+3} (You found it on level 8 of the Dungeon)
 11750 | D:8      | Reached XP level 10. HP: 51/56 MP: 18/24
 12007 | D:8      | Offered knowledge of Inner Flame by Vehumet.
 12317 | D:8      | Reached *** piety under Vehumet
 12508 | D:9      | Found a staircase to the Orcish Mines.
 12873 | D:9      | Noticed a six-headed hydra
 13187 | D:8      | Offered knowledge of Ignite Poison by Vehumet.
 13654 | D:9      | Noticed a centaur warrior
 13659 | D:9      | Slain by a centaur warrior

Skill      XL: |  1  2  3  4  5  6  7  8  9 10 |
---------------+-------------------------------+-----
Shields        | 1 2 3 4 |  4.0
Spellcasting   | 3 4 6 8 9 |  9.3
Conjurations   | 5 6 8 9 10 | 10.0
Fire Magic     | 7 9 |  9.4
Dodging        | |  2.1
Stealth        | |  2.1

Action                   |  1- 3 |  4- 6 |  7- 9 | 10-12 || total
-------------------------+-------+-------+-------+-------++-------
Melee: Unarmed           |     1 |       |       |       ||     1
       Dagger            |     7 |    23 |       |       ||    30
 Cast: Magic Dart        |    70 |    91 |   103 |    42 ||   306
       Searing Ray       |     3 |    32 |    58 |    15 ||   108
       Iskenderun's Myst |       |       |    16 |    15 ||    31
       Iskenderun's Batt |       |       |     4 |    13 ||    17
       Mephitic Cloud    |       |       |     2 |       ||     2
  Use: Scroll            |     6 |     2 |     2 |     3 ||    13
       Potion            |       |       |     1 |       ||     1
  Eat: Chunk             |     3 |    12 |    19 |     8 ||    42
       Fruit             |       |     1 |     2 |     1 ||     4
       Beef jerky        |       |     1 |       |       ||     1
Armor: Robe              |       |     7 |     7 |     1 ||    15
       Troll leather arm |       |       |       |    16 ||    16
Dodge: Dodged            |     9 |    30 |    76 |    27 ||   142
Block: Buckler           |     8 |    10 |    35 |    17 ||    70
